AoeStats
← masterSplinter

Four Lakes

508174325Analyzed
1v1 RM · 13d ago on Sep 21, 2026· 26m 53s· 2 players
Game mode
Random Map
Map size
Tiny (2 player)
Population
200
Speed
Normal
Resources
Standard
Victory
Conquest
Starting age
Dark Age
Ending age
Imperial Age
RankedLock teamsTeams togetherTeam positionsShared explorationLock speedFull tech treeHidden civsTurbo modeCheats
Victory
Defeat
🇹🇼 Franks · Taiwan
910
+18
🇮🇱 Cumans · Israel
943
-18
masterSplinter
0:36 Loom
10:31 Feudal Age
11:30 Double-Bit Axe
15:36 Horse Collar
16:57 Forging
23:07 Castle Age
21:26 Fletching
22:21 Padded Archer Armor
24:13 Bodkin Arrow
25:07 Bow Saw
24:38 Crossbowman
happywego318
9:00 Loom
10:56 Feudal Age
16:46 Castle Age
19:39 Double-Bit Axe
19:26 Pikeman
25:36 Wheelbarrow
27:14 Scale Barding Armor
Connection lost

Rejoining the realm…

Still unreachable

The connection could not be restored.

Session expired

The server has moved on; the page needs a fresh start.